 Seeded DCSS version 0.31-a0-795-g5eb97db20b (webtiles) character file.

Game seed: 6317929902193219160 (custom seed)

3098 innerfire43 the Grappler (level 9, -1/68 HPs)
             Began as a Gnoll Shapeshifter on Sept 15, 2023.
             Was a Believer of Qazlal.
             Slain by a killer bee (5 damage)
             ... on level 8 of the Dungeon on Sept 18, 2023.
             The game lasted 00:14:30 (6928 turns).

innerfire43 the Grappler (Gnoll Shapeshifter)       Turns: 6928, Time: 00:14:30

Health: -1/68      AC: 12    Str: 18    XL:     9   Next: 90%
Magic:  16/16      EV: 13    Int: 10    God:    Qazlal [**....]
Gold:   584        SH:  3    Dex: 11    Spells: 17/17 levels left

rFire   + .          .
                       - Unarmed
rCold   . . .        (shield currently unavailable)
rNeg    . . .        B - +1 ring mail {rF+}
rPois   .            g - +0 helmet
rElec   .            E - +0 cloak
rCorr   .            w - +1 pair of gloves
SInv    .            f - +0 pair of boots
Will    .....        x - amulet of faith
Stlth   +            v - ring of wizardry
HPRegen 0.31/turn    (no ring)
MPRegen 0.15/turn

%: faith, wizardry (x1)
@: brilliant, flux-form, glowing
A: glow, contaminating, fangs 1, strong nose, distributed training
a: Begin Untransformation, Renounce Religion, Upheaval


You were on level 8 of the Dungeon.
You worshipped Qazlal.
Qazlal was pleased with you.
You were something dangerously unstable.
You visited 2 branches of the dungeon, and saw 9 of its levels.
You also visited: Sewer.

You collected 584 gold pieces.

Inventory:

Missiles
 i - a throwing net
Armour
 a - a +0 animal skin
 f - a +0 pair of boots (worn)
 g - a +0 helmet (worn)
 j - an orb of guile
 w - a +1 pair of gloves (worn)
 y - a +0 ring mail
 B - a +1 ring mail of fire resistance (worn)
 E - a +0 cloak (worn)
Jewellery
 o - a ring of fire
 r - a ring of protection from cold
 v - a ring of wizardry (left hand)
 x - an amulet of faith (around neck)
 G - an amulet of the acrobat
Talismans
 c - a beast talisman
 d - a flux talisman (active)
Wands
 F - a wand of polymorph (7)
Scrolls
 e - a scroll of enchant armour
 h - 3 scrolls of fog
 k - 2 scrolls of amnesia
 l - a scroll of brand weapon
 q - 3 scrolls of teleportation
 s - a scroll of identify
 A - a scroll of blinking
Potions
 b - 6 potions of lignification
 m - a potion of magic
 n - a potion of berserk rage
 p - 3 potions of enlightenment
 t - 2 potions of attraction
 K - 3 potions of degeneration {unknown}


   Skills:
 + Level 5.5 Fighting
 + Level 4.7 Short Blades
 + Level 4.7 Long Blades
 + Level 4.7 Axes
 + Level 4.7 Maces & Flails
 + Level 4.7 Polearms
 + Level 4.7 Staves
 + Level 4.7 Ranged Weapons
 + Level 4.7 Throwing
 + Level 4.7 Armour
 + Level 6.7 Dodging
 + Level 4.7 Stealth
 + Level 4.7 Shields
 + Level 8.2 Unarmed Combat
 + Level 4.7 Spellcasting
 + Level 3.9 Conjurations
 + Level 3.9 Hexes
 + Level 3.9 Summonings
 + Level 3.9 Necromancy
 + Level 3.9 Translocations
 + Level 3.9 Transmutations
 + Level 3.9 Fire Magic
 + Level 3.9 Ice Magic
 + Level 3.9 Air Magic
 + Level 3.9 Earth Magic
 + Level 3.9 Poison Magic
 + Level 5.2 Invocations
 + Level 4.7 Evocations
 + Level 7.9 Shapeshifting


You had 17 spell levels left.
You didn't know any spells.
Your spell library contained the following spells:

 Spells                   Type           Power      Damage    Failure   Level
 Apportation              Tloc           30%        N/A       3%          1
 Magic Dart               Conj           60%        1d6       3%          1
 Necrotise                Necr           60%        1d7       3%          1
 Summon Small Mammal      Summ           60%        N/A       3%          1
 Call Imp                 Summ           30%        N/A       4%          2
 Inner Flame              Hex/Fire       15%        N/A       10%         3
 Mephitic Cloud           Conj/Pois/Air  15%        N/A       10%         3
 Volatile Blastmotes      Fire/Tloc      30%        2d12      10%         3
 Flame Wave               Conj/Fire      15%        2d7       30%         4
 Fulminant Prism          Conj/Hex       7%         3d6       30%         4
 Iskenderun's Mystic Bla  Conj/Tloc      15%        2d5       30%         4
 Sticky Flame             Conj/Fire      15%        2d4       30%         4


Dungeon Overview and Level Annotations

Branches:
Dungeon (8/15)             Temple (1/1) D:4           Sewer (visited)
   Lair: D:8-11

Altars:
Ashenzari
Cheibriados
Dithmenos
Elyvilon
Fedhas
Gozag
Hepliaklqana
Okawaru
Qazlal
Ru
Sif Muna
Trog
Uskayaw
Vehumet
Wu Jian
Xom
Yredelemnul
Zin

Shops:
D:4 =   D:5 =

Portals:
Abyss: D:3


Innate Abilities, Weirdness & Mutations

You are something dangerously unstable.
You glow with magical radiation, making you easy to see and hit.
Foes you strike become dangerously contaminated with magical radiation.
You are incapable of wielding weapons or throwing items.
You have very sharp teeth.
Your uncanny sense of smell can sniff out nearby items.
Your experience applies equally to all skills.


Message History

The killer bee stings you but does no damage.
You block the killer bee's attack.
You feel better. The killer bee completely misses you.
The killer bee stings you but does no damage. x3
The killer bee barely misses you. The killer bee closely misses you.
You miss the killer bee. The killer bee closely misses you.
The killer bee stings you but does no damage.
The killer bee misses you. The killer bee stings you!
* * * LOW HITPOINT WARNING * * *
The killer bee misses you. The killer bee stings you.
* * * LOW HITPOINT WARNING * * *
You barely miss the killer bee.
The killer bee stings you but does no damage.
You block the killer bee's attack. The killer bee misses you.
You hit the killer bee.
The killer bee begins to glow.
The killer bee is moderately wounded.
The killer bee stings you but does no damage.
The killer bee stings you.
* * * LOW HITPOINT WARNING * * *
The killer bee barely misses you. x4
Unknown command.
You hit the killer bee but do no damage.
The killer bee glows dangerously bright.
The killer bee is moderately wounded.
The killer bee stings you.
* * * LOW HITPOINT WARNING * * *
The killer bee completely misses you.
The killer bee stings you but does no damage.
The killer bee barely misses you.
The killer bee stings you but does no damage. x2
You are too injured to fight recklessly!
Unknown command.
You are too injured to fight recklessly!
You are too injured to fight recklessly!
It was a potion of brilliance.
You feel clever all of a sudden. The killer bee stings you.
* * * LOW HITPOINT WARNING * * *
The killer bee stings you.
You die...

#....._.....# #..†....# ∆
#....!..# #. ∆
####.....††###... #
#..####)#####.... ...
#.###...# #.#.... #...###
#.###..####.#.#.#
.......###...).))%##.#.#.#
......)..yp°#####.##.#.#.#
.........y.y# #......#.#
....#####.....# #........#
... #.....# #..#.#.### .
......###....#.# ∆
####.......%###.####
##.###.#......... .#
#.#.###.###. #.###.#.#
#.###.


You could see 3 killer bees.

Vanquished Creatures
  A two-headed ogre (D:8)
  A steam dragon (D:5)
  A water moccasin (D:7)
  2 small abominations (D:3)
  2 black bears
  2 ice beasts
  The ghost of innerfire43 the Insei, an amateur GnSh (D:3)
  2 centaurs
  A phantom (D:6)
  2 kobold brigands (Sewer)
  2 bullfrogs (D:7)
  5 scorpions
  2 killer bees (D:8)
  2 howler monkeys (D:8)
  2 jellies (D:5)
  An iron imp (D:3)
  3 hounds
  2 orc priests
  2 gnoll boudas
  Terence (D:3)
  2 iguanas
  4 orc wizards
  6 adders
  8 gnolls
  3 river rats
  2 shadow imps
  A white imp (D:7)
  3 worms
  14 orcs
  5 endoplasms
  3 giant cockroaches
  5 goblins
  5 hobgoblins
  3 jackals (Sewer)
  A quokka (D:1)
  3 ball pythons
  7 bats
  9 kobolds
  9 rats
130 creatures vanquished.

Notes
Turn   | Place    | Note
-------+----------+-------------------------------------------
     0 | D:1      | innerfire43 the Gnoll Shapeshifter began the quest for the
                  | Orb.
     0 | D:1      | Reached XP level 1. HP: 17/17 MP: 1/1
   266 | D:1      | Reached XP level 2. HP: 14/23 MP: 2/2
  1161 | D:2      | Found a faded altar of an unknown god.
  1356 | D:2      | Reached XP level 3. HP: 19/28 MP: 3/3
  1866 | D:3      | Reached skill level 1 in Invocations
  1873 | D:3      | Found a transporter.
  1873 | D:3      | Found a one-way gate to the infinite horrors of the Abyss.
  1873 | D:3      | Noticed a small abomination
  1907 | D:3      | Noticed a small abomination
  1936 | D:3      | Reached skill level 1 in Short Blades
  1936 | D:3      | Reached skill level 1 in Long Blades
  1936 | D:3      | Reached skill level 1 in Axes
  1936 | D:3      | Reached skill level 1 in Maces & Flails
  1936 | D:3      | Reached skill level 1 in Polearms
  1936 | D:3      | Reached skill level 1 in Staves
  1936 | D:3      | Reached skill level 1 in Ranged Weapons
  1936 | D:3      | Reached skill level 1 in Throwing
  1936 | D:3      | Reached skill level 1 in Armour
  1936 | D:3      | Reached skill level 1 in Stealth
  1936 | D:3      | Reached skill level 1 in Shields
  1936 | D:3      | Reached skill level 1 in Spellcasting
  1936 | D:3      | Reached skill level 1 in Evocations
  1936 | D:3      | Reached XP level 4. HP: 31/34 MP: 5/5
  2097 | D:3      | Found a transporter.
  2153 | D:3      | Noticed Terence
  2165 | D:3      | Killed Terence
  2166 | D:3      | Reached skill level 1 in Conjurations
  2166 | D:3      | Reached skill level 1 in Hexes
  2166 | D:3      | Reached skill level 1 in Summonings
  2166 | D:3      | Reached skill level 1 in Necromancy
  2166 | D:3      | Reached skill level 1 in Translocations
  2166 | D:3      | Reached skill level 1 in Transmutations
  2166 | D:3      | Reached skill level 1 in Fire Magic
  2166 | D:3      | Reached skill level 1 in Ice Magic
  2166 | D:3      | Reached skill level 1 in Air Magic
  2166 | D:3      | Reached skill level 1 in Earth Magic
  2166 | D:3      | Reached skill level 1 in Poison Magic
  2587 | D:3      | Noticed innerfire43's ghost (amateur GnSh)
  2652 | D:3      | Killed a small abomination
  2653 | D:3      | Reached XP level 5. HP: 36/41 MP: 5/7
  2686 | D:3      | Reached XP level 6. HP: 45/47 MP: 8/8
  2701 | D:3      | Reached skill level 5 in Dodging
  2734 | D:3      | Killed innerfire43's ghost
  2868 | D:4      | Found a staircase to the Ecumenical Temple.
  2900 | Temple   | Entered the Ecumenical Temple
  2979 | Temple   | Became a worshipper of Qazlal Stormbringer
  3016 | D:4      | Reached XP level 7. HP: 34/52 MP: 10/10
  3160 | D:4      | Reached skill level 7 in Unarmed Combat
  3276 | D:4      | You fall into a shaft and drop 1 floor!
  3276 | D:5      | Entered Level 5 of the Dungeon
  3525 | D:4      | Found Culej's Jewellery Shoppe.
  3917 | D:5      | Noticed a steam dragon
  3926 | D:5      | Killed a steam dragon
  3934 | D:5      | Reached XP level 8. HP: 36/60 MP: 10/12
  4106 | D:5      | Found a sacrificial altar of Ru.
  4195 | D:5      | Reached * piety under Qazlal
  4261 | D:5      | Found Aprywiy's Jewellery Shoppe.
  4291 | D:5      | Upgraded the game from 0.31-a0-765-g67fe2935dc to
                  | 0.31-a0-795-g5eb97db20b
  5218 | D:6      | Found a glowing drain.
  5261 | Sewer    | Entered a sewer
  5275 | Sewer    | Reached ** piety under Qazlal
  5385 | Sewer    | Reached XP level 9. HP: 66/66 MP: 14/14
  5443 | Sewer    | Found a white marble altar of Elyvilon.
  6057 | D:7      | Reached skill level 5 in Fighting
  6786 | D:8      | Found a hide-covered altar of Uskayaw.
  6886 | D:8      | Reached skill level 8 in Unarmed Combat
  6907 | D:8      | Noticed a two-headed ogre
  6914 | D:8      | Killed a two-headed ogre
  6915 | D:8      | Reached skill level 5 in Invocations
  6928 | D:8      | Slain by a killer bee

Illustrated notes

Levels and vault maps discovered:
D:1:      eino_arrival_cavern_d, layout_basic, minmay_pentomino_q4
D:2:      layout_basic, dreamdust_ecumenical_altar_angels_and_demons,
          serial_bayou_pond_e
D:3:      layout_basic, gammafunk_ghost_abyssal_escape, corexii_hall_statues_x,
          nicolae_titane, uniq_terence
D:4:      layout_basic, minmay_temple_entry_arrows,
          minmay_shop_enchanted_jewellery, kennysheep_orc_chapel
D:5:      layout_rooms, nicolae_ru_sacrificial_ziggurat, serial_shops, shop,
          minmay_misc_feat_more_columns
D:6:      layout_cave_pools, lightli_sewer_entry_pipes, serial_column_ruins,
          column_ruins_grid_1, column_ruins_open_medium,
          column_ruins_columns_straight, column_ruins_corridor_corner,
          column_ruins_open_small
D:7:      layout_layer_cave, nicolae_elevator_lobby_asterisk
D:8:      layout_loops_ring, nicolae_uskayaw_murder_on_the_dancefloor,
          lemuel_zombie_altar_kikubaaqudgha, nicolae_diode_quadrants
Temple:   eino_temple_scatter_basement

Skill      XL: |  1  2  3  4  5  6  7  8  9 |
---------------+----------------------------+-----
Invocations    | 1 2 3 4 5 |  5.2
Short Blades   | 1 2 3 4 |  4.7
Long Blades    | 1 2 3 4 |  4.7
Axes           | 1 2 3 4 |  4.7
Maces & Flails | 1 2 3 4 |  4.7
Polearms       | 1 2 3 4 |  4.7
Staves         | 1 2 3 4 |  4.7
Ranged Weapons | 1 2 3 4 |  4.7
Throwing       | 1 2 3 4 |  4.7
Armour         | 1 2 3 4 |  4.7
Stealth        | 1 2 3 4 |  4.7
Shields        | 1 2 3 4 |  4.7
Spellcasting   | 1 2 3 4 |  4.7
Evocations     | 1 2 3 4 |  4.7
Conjurations   | 1 2 3 |  3.9
Hexes          | 1 2 3 |  3.9
Summonings     | 1 2 3 |  3.9
Necromancy     | 1 2 3 |  3.9
Translocations | 1 2 3 |  3.9
Transmutations | 1 2 3 |  3.9
Fire Magic     | 1 2 3 |  3.9
Ice Magic      | 1 2 3 |  3.9
Air Magic      | 1 2 3 |  3.9
Earth Magic    | 1 2 3 |  3.9
Poison Magic   | 1 2 3 |  3.9
Fighting       | 3 4 5 |  5.5
Dodging        | 5 6 |  6.7
Unarmed Combat | 7 8 |  8.2
Shapeshifting  | 7 |  7.9

Action                     |  1- 3 |  4- 6 |  7- 9 || total
---------------------------+-------+-------+-------++-------
  Melee: Unarmed           |    92 |    74 |   354 ||   520
         Bite              |     3 |    11 |    47 ||    61
    Use: Potion            |       |       |     6 ||     6
         Scroll            |       |       |    16 ||    16
 Armour: Animal skin       |    46 |     5 |       ||    51
         Ring mail         |       |    26 |   232 ||   258
  Dodge: Dodged            |    66 |    40 |   204 ||   310
  Block: Other             |       |       |    21 ||    21
   Form: Flux              |     1 |       |       ||     1

Table legend: (Time is in decaauts)
 A = Elapsed time spent in this place.
 B = Non-inter-level travel time spent in this place.
 C = Inter-level travel time spent in this place.
 D = Time resting spent in this place.
 E = Time spent auto-exploring this place.
 F = Levels seen in this place.
 G = Mean time per level.
                   A        B        C        D        E       F      G
               +--------+--------+--------+--------+--------+-----+--------+
         Total |   6905 |   6369 |    536 |      0 |   5265 |  10 |  690.5 |
       Dungeon |   6568 |   6040 |    528 |      0 |   5057 |   8 |  821.0 |
        Temple |     88 |     80 |      8 |      0 |     52 |   1 |   88.0 |
         Sewer |    248 |    248 |      0 |      0 |    156 |   1 |  248.0 |
               +--------+--------+--------+--------+--------+-----+--------+

Top non-repeatable levels by time:
     D:3: 1135 daAuts
     D:7: 1067 daAuts
     D:1: 933 daAuts
     D:4: 903 daAuts
     D:5: 856 daAuts
     D:6: 782 daAuts
     D:2: 720 daAuts
   Sewer: 248 daAuts
     D:8: 169 daAuts
  Temple: 88 daAuts
